 Dungeon Crawl Stone Soup version 0.26.1-2-gb8aa6d0cf2 (webtiles) character file.

Game seed: 16695102353164073995

93 Gadfly the Skirmisher (level 4, 0/35 HPs)
             Began as a Demonspawn Monk on Feb 8, 2021.
             Slain by Terence
             ... wielding a +0 trident of holy wrath
              (2 damage)
             ... on level 2 of the Dungeon.
             The game lasted 00:01:39 (1843 turns).

Gadfly the Skirmisher (Demonspawn Monk)             Turns: 1843, Time: 00:01:39

Health: 0/35       AC:  9    Str: 13    XL:     4   Next: 37%
Magic:  5/5        EV:  6    Int: 11    God:
Gold:   64         SH:  0    Dex: 15    Spells: 3/3 levels left

rFire    . . .     SeeInvis .   a - +0 hand axe
rCold    . . .     Faith    .   (no shield)
rNeg     . . .     Spirit   .   h - +0 chain mail
rPois    .         Reflect  .   (helmet restricted)
rElec    .         Harm     .   (no cloak)
rCorr    .         Rampage  .   (no gloves)
Will     .....                  c - +0 pair of boots
Stlth    ..........             (no amulet)
HPRegen  0.11/turn              d - ring of flight
MPRegen  0.09/turn              (no ring)

@: attractive, very slightly contaminated, invisible
A: horns 1, powered by death 1
a: Evoke Flight


You were on level 2 of the Dungeon.
You visited 1 branch of the dungeon, and saw 2 of its levels.

You collected 64 gold pieces.

Inventory:

Hand Weapons
 a - a +0 hand axe (weapon)
Armour
 c - a +0 pair of boots (worn)
 h - a +0 chain mail (worn)
Jewellery
 d - a ring of flight (left hand)
Scrolls
 f - a scroll of fog {unknown}
Potions
 e - a potion of attraction


   Skills:
 - Level 3.0 Fighting
 + Level 3.0 Axes
 * Level 1.7 Armour
 - Level 2.6 Dodging
 - Level 1.7 Stealth
 * Level 2.6 Invocations
 * Level 2.0 Evocations


You had 3 spell levels left.
You didn't know any spells.
Your spell library was empty.

Dungeon Overview and Level Annotations

Branches:
Dungeon (2/15)

Altars:
Gozag

Annotations:
D:2 Terence


Innate Abilities, Weirdness & Mutations

You have a pair of small horns on your head.
You regenerate a little health from kills.


Message History

It was a potion of attraction.
You feel attractive to monsters. Terence hits you but does no damage.
It was a potion of invisibility.
You fade into invisibility!
Terence hits you but does no damage.
You are very lightly contaminated with residual magic.
You hit Terence.
Terence is severely wounded.
Terence hits you but does no damage.
You hit Terence but do no damage.
Terence is severely wounded.
Terence hits you but does no damage.
You hit Terence but do no damage.
Terence is severely wounded.
Terence barely misses you.
You barely miss Terence.
Terence is severely wounded.
Terence hits you with a +0 trident of holy wrath.
You die...

######.........#
##...............#
.................#
##...............#
.................#
................?#
.........^.......##
...............@@.#
.......##.......#.#
.......# #.....##.#
.......# #######..#
.......# #.##
........#### #.#
......#.. .. ###.#
......## #.##...#
.......## #.#..###


You could see Terence.

Vanquished Creatures
  A bullfrog skeleton (D:2)
  An adder (D:2)
  A worm (D:2)
  A dart slug (D:1)
  A leopard gecko (D:1)
  3 giant cockroaches
  10 goblins
  3 hobgoblins
  8 jackals
  4 kobolds
  A ball python (D:1)
  3 bats
  3 rats
40 creatures vanquished.

Notes
Turn   | Place    | Note
-------+----------+-------------------------------------------
     0 | D:1      | Gadfly the Demonspawn Monk began the quest for the Orb.
     0 | D:1      | Reached XP level 1. HP: 18/18 MP: 1/1
   166 | D:1      | Reached skill level 1 in Invocations
   269 | D:1      | Gained mutation: You regenerate a little health from kills.
                  | [demonic ancestry]
   269 | D:1      | Reached XP level 2. HP: 18/24 MP: 2/2
   601 | D:1      | Reached skill level 1 in Armour
   610 | D:1      | Reached skill level 1 in Evocations
   852 | D:1      | Reached XP level 3. HP: 27/29 MP: 4/4
  1547 | D:2      | Gained mutation: You have a pair of small horns on your
                  | head. [demonic ancestry]
  1547 | D:2      | Reached XP level 4. HP: 25/35 MP: 5/5
  1568 | D:2      | Found an opulent altar of Gozag.
  1828 | D:2      | Noticed Terence
  1843 | D:2      | Slain by Terence

Illustrated notes

Levels and vault maps discovered:
D:1:      dpeg_arrival_solitude, layout_loops_ring
D:2:      layout_rooms, nicolae_gozag_cash_rules_everything_around_me,
          uniq_terence

Skill      XL: |  1  2  3  4 |
---------------+-------------+-----
Invocations    | 1 2 |  2.6
Armour         | 1 |  1.7
Evocations     | 1 2 |  2.0
Axes           | 3 |  3.0
Fighting       | |  3.0
Dodging        | |  2.6
Stealth        | |  1.7

Action                   |  1- 3 |  4- 6 || total
-------------------------+-------+-------++-------
Melee: Hand axe          |   120 |    36 ||   156
       Headbutt          |       |     7 ||     7
  Use: Scroll            |     3 |       ||     3
       Potion            |       |     2 ||     2
 Stab: Sleeping          |     4 |       ||     4
Armor: Robe              |    24 |     2 ||    26
       Chain mail        |       |    21 ||    21
Dodge: Dodged            |   100 |    15 ||   115
